 Dungeon Crawl Stone Soup version 0.30-a0-371-gad7725a93e (webtiles) character file.

Game seed: 11896364884087958775

2613 RascalDebosk the Thaumaturge (level 9, 0/66 HPs)
             Began as a Djinni Venom Mage on Nov 20, 2022.
             Was an Initiate of Ashenzari.
             Slain by a water moccasin (10 damage)
             ... on level 7 of the Dungeon.
             The game lasted 01:09:40 (7656 turns).

RascalDebosk the Thaumaturge (Djinni Venom Mage)    Turns: 7656, Time: 01:09:41

Health: 0/66       AC: 10    Str: 10    XL:     9   Next: 90%
Gold:   406        EV: 14    Int: 20    God:    Ashenzari [......] SH:  0 Dex: 15

rFire   + + .      SeeInvis .    q - +0 falchion
rCold   x . .      Faith    .    (no shield)
rNeg    . . .      Spirit   .    C - +2 ring mail "Jenunt" {Fly Str+3}
rPois   ∞          Reflect  .    (no helmet)
rElec   .          Harm     .    B - +2 cloak
rCorr   .          Rampage  .    (no gloves)
Will    .....                    (boots unavailable)
Stlth   +.........               (no amulet)
HPRegen 0.31/turn                r - ring of wizardry
MPRegen 0.00/turn                u - +4 ring of evasion

@: immotile, flying, very slightly contaminated
A: sickness immunity, fire resistance 2, cold vulnerability 1, float, innate
caster, HP casting, extra vitality 1
a: Renounce Religion


You were on level 7 of the Dungeon.
You worshipped Ashenzari.
Ashenzari was noncommittal.
You visited 2 branches of the dungeon, and saw 8 of its levels.

You collected 818 gold pieces.
You spent 412 gold pieces at shops.

Inventory:

Hand Weapons
 p - a +0 mace of protection
 q - a +0 falchion (weapon)
 s - a +0 dagger
Missiles
 f - a throwing net {@!f}
Armour
 a - a +0 robe
 l - a +0 cloak
 B - a +2 cloak (worn)
 C - the +2 ring mail "Jenunt" (worn) {Fly Str+3}
   (You bought it in a shop on level 1 of the Dungeon)

   Str:       It affects your strength (+3).
   Fly:       It grants you flight.
Jewellery
 r - a ring of wizardry (left hand)
 u - a +4 ring of evasion (right hand)
 y - a ring of see invisible
Scrolls
 b - 2 scrolls of amnesia {unknown}
 d - a scroll of torment {unknown}
 g - a scroll of poison
 h - 4 scrolls of immolation
 j - a scroll of enchant weapon {unknown}
 o - a scroll of enchant armour {unknown}
 t - 4 scrolls of teleportation
 z - a scroll of fear {unknown}
 A - a scroll of brand weapon {unknown}
 E - a scroll of magic mapping {unknown}
Potions
 c - a potion of ambrosia
 e - 2 potions of attraction
 i - a potion of degeneration {unknown}
 k - 3 potions of haste
 m - 2 potions of flight
 n - a potion of heal wounds
 v - 2 potions of curing
 w - a potion of brilliance
 x - a potion of might
 D - a potion of mutation


   Skills:
 + Level 6.3 Fighting
 + Level 2.0 Armour
 - Level 2.1 Dodging
 - Level 1.5 Stealth
 * Level 8.7 Spellcasting


You had 6 spell levels left.
You knew the following spells:

 Your Spells              Type           Power      Damage    Failure   Level
a - Sting                 Tmut/Pois      100%       1d8       1%          1
b - Poisonous Vapours     Pois/Air       86%        N/A       1%          2
c - Mephitic Cloud        Conj/Pois/Air  43%        N/A       1%          3
d - Olgreb's Toxic Radia  Pois           43%        N/A       2%          4
e - Freeze                Ice            100%       1d10      1%          1
f - Passwall              Tmut/Erth      35%        N/A       1%          2
g - Momentum Strike       Conj/Tloc      86%        3d10      1%          2
h - Animate Armour        Summ/Erth      86%        N/A       2%          4
Your spell library was empty.

Dungeon Overview and Level Annotations

Branches:
Dungeon (7/15)             Temple (1/1) D:6

Altars:
Ashenzari
Cheibriados
Elyvilon
Fedhas
Gozag
Hepliaklqana
Makhleb
Nemelex Xobeh
Okawaru
Qazlal
Ru
Trog
Uskayaw
Wu Jian
Xom
Yredelemnul
Zin
The Shining One

Shops:
D:1 [   D:4 :

Annotations:
D:3 1 runed translucent door
D:7 indyram44's ghost, amateur DsFi


Innate Abilities, Weirdness & Mutations

You are immune to sickness and miasma.
You are immune to poison.
Your flesh is very heat resistant. (rF++)
You are vulnerable to cold. (rC-)
You float through the air rather than walking.
You learn spells naturally, not from books.
Your magical power is your life essence.
You have superior vitality. (+4 MHP)


Message History

The centaur appears confused.
The centaur is engulfed in noxious fumes.
The centaur appears confused.
There is an open door here.
Casting: Mephitic Cloud (safe; 1% risk of failure)
Confirm with . or Enter, or press ? or * to list all spells.
Aiming: Poisonous Vapours (safe; 1% risk of failure)
Press: ? - help, Dir - move target, f/p - centaur
Aim: a centaur, wielding a +0 shortbow (noxious fumes, lightly wounded, confused, very poisoned) Poisonous vapours surround the centaur!
The centaur looks as sick as possible!
The centaur is engulfed in noxious fumes.
The centaur appears confused.
The centaur is engulfed in noxious fumes.
The centaur appears confused.
You hit the centaur.
The centaur is heavily wounded.
The centaur is engulfed in noxious fumes.
The centaur appears confused.
You hit the centaur.
The centaur is almost dead.
You kill the centaur!
Your Armour skill increases to level 2!
You now have 406 gold pieces (gained 14).
Things that are here:
a +0 shortbow; a staff of poison
There is an open door here.
Found a pair of boots and a chain mail.
Indyram44's ghost turns its malevolent gaze towards you.
You hear a loud, deep croak!
Found a transporter.
Found 9 gold pieces.
Found 10 gold pieces.
Press: ? - help, v - describe, . - travel A translucent stone wall.
The water moccasin hisses angrily.
You start waiting.
The bullfrog swells and bulges.
The moth of wrath angrily waves its antennae.
The bullfrog releases a deep croak.
Done waiting.
There is a transporter here.
You enter the transporter and appear at another place.
The moth of wrath goads the water moccasin on!
The water moccasin goes berserk!
The moth of wrath goads the black bear on!
The black bear goes berserk!
The moth of wrath goads something on!
Indyram44's ghost turns its malevolent gaze towards you.
Casting: Poisonous Vapours (safe; 1% risk of failure)
Confirm with . or Enter, or press ? or * to list all spells.
You begin to radiate toxic energy.
The black bear is poisoned.
The moth of wrath is poisoned.
The bullfrog is poisoned.
The black bear looks even sicker.
The moth of wrath looks even sicker.
The water moccasin misses you. The black bear bites you.
The black bear barely misses you. The black bear closely misses you.
The bullfrog closely misses you. The water moccasin bites you!
Casting: Olgreb's Toxic Radiance (dangerous; 2% risk of failure)
Confirm with . or Enter, or press ? or * to list all spells.
You miscast Olgreb's Toxic Radiance.
You are very lightly contaminated with residual magic.
Nothing appears to happen.
The black bear looks even sicker.
The moth of wrath looks even sicker.
Your toxic aura wanes.
The bullfrog hits you but does no damage.
The water moccasin closely misses you.
The black bear bites you but does no damage.
The black bear barely misses you.
The black bear claws you but does no damage.
The bullfrog hits you. The water moccasin misses you.
The black bear barely misses you. x2
The black bear claws you but does no damage.
Casting: Olgreb's Toxic Radiance (dangerous; 2% risk of failure)
Confirm with . or Enter, or press ? or * to list all spells.
Aiming: Momentum Strike (safe; 1% risk of failure)
Press: ? - help, Dir - move target, f - indyram44's ghost
Aim: indyram44's ghost (79% to hit)
The concentrated momentum hits indyram44's ghost!
You are unable to move.
The bullfrog hits you. The water moccasin bites you!
* * * LOW HITPOINT WARNING * * *
The bullfrog hits you but does no damage.
The water moccasin misses you. The black bear closely misses you.
The black bear claws you.
* * * LOW HITPOINT WARNING * * *
The black bear barely misses you. Indyram44's ghost misses you.
You closely miss indyram44's ghost.
Indyram44's ghost is moderately damaged.
The bullfrog closely misses you.
The water moccasin bites you but does no damage.
The bullfrog closely misses you. The black bear bites you!
* * * LOW HITPOINT WARNING * * *
The black bear misses you.
The black bear claws you but does no damage.
The water moccasin bites you.
* * * LOW HITPOINT WARNING * * *
The bullfrog hits you!
* * * LOW HITPOINT WARNING * * *
The black bear misses you. The black bear closely misses you.
The black bear misses you.
The moth of wrath goads the ice beast on!
The ice beast goes berserk!
The water moccasin bites you!
You die...

# .. ## ### ## ##
#.. .. #. ..#
...#. .#...##
#..#W$....# #
#..@FY##
#.#...hS#.....# .
....###y..##.## .#
#..#..[[$.. ... #
#####. ....
..####.©.####.....
#.............#
####+##.##.####
#....#


You could see a moth of wrath (very poisoned), a water moccasin (berserk), a
black bear (berserk, very poisoned), an ice beast (berserk), a bullfrog
(berserk, poisoned) and indyram44's ghost.

Vanquished Creatures
  Prince Ribbit (D:5)
  Duvessa (D:5)
  A sky beast (D:6)
  A black bear (D:4)
  3 ogres (D:5)
  4 centaurs
  4 phantoms
  2 kobold brigands (D:6)
  A bullfrog (D:7)
  3 scorpions
  A necrophage (D:5)
  A water moccasin zombie (D:6)
  Dowan (D:5)
  2 centaur zombies (D:6)
  6 hounds
  A jelly (D:6)
  2 orc wizards
  Natasha (thrice) (D:2)
  6 iguanas
  A killer bee zombie (D:6)
  A howler monkey skeleton (D:6)
  5 gnolls
  9 adders
  3 ufetubi
  A worm (D:5)
  5 dart slugs
  23 orcs
  4 bats
  2 endoplasms (D:2)
  3 giant cockroaches
  13 goblins
  8 hobgoblins
  8 jackals (D:1)
  16 kobolds
  4 quokkas
  9 ball pythons
  4 frilled lizards (D:1)
  4 rats
167 creatures vanquished.

Vanquished Creatures (collateral kills)
  A phantom (D:5)
  An adder (D:5)
2 creatures vanquished.

Vanquished Creatures (others)
  A crimson imp (D:6)
  A shadow imp (D:6)
  A white imp (D:6)
3 creatures vanquished.

Grand Total: 172 creatures vanquished

Notes
Turn   | Place    | Note
-------+----------+-------------------------------------------
     0 | D:1      | RascalDebosk the Djinni Venom Mage began the quest for the
                  | Orb.
     0 | D:1      | RascalDebosk set off with the following spells memorised:
                  | Sting, Poisonous Vapours, Mephitic Cloud, Olgreb's Toxic
                  | Radiance.
     0 | D:1      | Reached XP level 1. HP: 15/15 MP: 0/0
     8 | D:1      | Noticed an electric eel
   134 | D:1      | Reached XP level 2. HP: 20/21 MP: 0/0
   242 | D:1      | Reached skill level 3 in Spellcasting
   293 | D:1      | Found Roatek's Antique Armour Shop.
   346 | D:1      | Reached XP level 3. HP: 23/25 MP: 0/0
   346 | D:1      | Learned a level 1 spell: Freeze
  1092 | D:2      | Noticed Natasha
  1111 | D:2      | Killed Natasha
  1112 | D:2      | Reached XP level 4. HP: 20/31 MP: 0/0
  1324 | D:2      | Reached skill level 4 in Spellcasting
  1419 | D:2      | Noticed Natasha
  1434 | D:2      | Killed Natasha
  1435 | D:2      | Reached XP level 5. HP: 23/35 MP: 0/0
  1435 | D:2      | Learned a level 2 spell: Passwall
  1546 | D:2      | Noticed Natasha
  1554 | D:2      | Killed Natasha
  1851 | D:3      | Found a faded altar of an unknown god.
  1912 | D:3      | Found a runed translucent door.
  1912 | D:3      | Noticed a human
  1935 | D:3      | Found a basalt altar of Yredelemnul.
  2238 | D:3      | Reached XP level 6. HP: 27/40 MP: 0/0
  2317 | D:3      | Found a hide-covered altar of Uskayaw.
  2446 | D:1      | Bought a slimy ring mail for 225 gold pieces
  2446 | D:1      | Identified the +2 ring mail "Jenunt" {Fly Str+3} (You
                  | bought it in a shop on level 1 of the Dungeon)
  2607 | D:3      | Reached skill level 5 in Spellcasting
  2852 | D:4      | Noticed a black bear
  2867 | D:4      | Killed a black bear
  2868 | D:4      | Reached skill level 1 in Fighting
  3010 | D:4      | Upgraded the game from 0.30-a0-368-g86fb4627a9 to
                  | 0.30-a0-371-gad7725a93e
  3134 | D:4      | Reached XP level 7. HP: 21/48 MP: 0/0
  3134 | D:4      | Learned a level 2 spell: Momentum Strike
  3312 | D:4      | Found a snail-covered altar of Cheibriados.
  3313 | D:4      | Found a glowing silver altar of Zin.
  3316 | D:4      | Found a white marble altar of Elyvilon.
  3507 | D:4      | Found a blossoming altar of Fedhas.
  3665 | D:4      | Found Qus Pyod's Book Shoppe.
  4080 | D:5      | Entered Level 5 of the Dungeon
  4205 | D:5      | Reached skill level 6 in Spellcasting
  4328 | D:5      | Reached XP level 8. HP: 43/56 MP: 0/0
  5295 | D:1      | Bought a runed cloak for 187 gold pieces
  5584 | D:5      | Reached skill level 7 in Spellcasting
  5677 | D:5      | Noticed Duvessa
  5677 | D:5      | Noticed Dowan
  5685 | D:5      | Killed Dowan
  5685 | D:5      | Killed Duvessa
  5699 | D:5      | Reached XP level 9. HP: 25/64 MP: 0/0
  5699 | D:5      | Learned a level 4 spell: Animate Armour
  5918 | D:6      | Noticed Prince Ribbit
  5919 | D:6      | Reached skill level 5 in Fighting
  5938 | D:5      | Killed Prince Ribbit
  5939 | D:5      | Reached skill level 8 in Spellcasting
  6679 | D:6      | Found a staircase to the Ecumenical Temple.
  6741 | Temple   | Entered the Ecumenical Temple
  6781 | Temple   | Became a worshipper of Ashenzari the Shackled
  6829 | D:6      | Reached skill level 1 in Armour
  7546 | D:7      | Noticed indyram44's ghost (amateur DsFi)
  7547 | D:7      | Found a transporter.
  7548 | D:7      | Noticed a moth of wrath
  7656 | D:7      | Slain by a water moccasin

Illustrated notes

Levels and vault maps discovered:
D:1:      arrival_aquarium_a, layout_loops_ring, serial_shops,
          nicolae_shop_waterfront, minmay_strange_pillars, dk_noncrumbling_4,
          minivault_25, dreamdust_wishing_well
D:2:      layout_basic, kennysheep_generic_room_6, uniq_natasha
D:3:      layout_rooms, mainiacjoe_overflow_cross_hatched,
          dk_yredelemnul_ordeal, chequers_ecumenical_altar_island,
          grunt_decor_fettered, minmay_misc_feat_enclosed, dk_noncrumbling_3,
          skrybe_limestone_x
D:4:      layout_basic, mainiacjoe_overflow_boulevard, minitemple, serial_shops,
          nicolae_shop_trees
D:5:      minmay_polygon_palace, layout_basic, hex_intersection,
          kennysheep_generic_room_4, uniq_duvessa
D:6:      layout_cave_pools, temple_doors_ab, serial_undead, serial_undead_a,
          serial_undead_f, serial_undead_e, serial_undead_d,
          minmay_fire_ice_demons, uniq_prince_ribbit1
D:7:      layout_basic, gammafunk_ghost_berserking_beasts,
          hellmonk_bongcloud_opening
Temple:   eino_wide_crystal_templ

Skill      XL: |  1  2  3  4  5  6  7  8  9 |
---------------+----------------------------+-----
Spellcasting   | 3 4 5 6 7 8 |  8.7
Fighting       | 1 3 4 6 |  6.3
Armour         | 2 |  2.0
Dodging        | |  2.1
Stealth        | |  1.5

Action                   |  1- 3 |  4- 6 |  7- 9 || total
-------------------------+-------+-------+-------++-------
Melee: Dagger            |     9 |     2 |       ||    11
       Mace              |       |    20 |       ||    20
       Falchion          |       |     9 |   130 ||   139
       Punch             |       |       |     4 ||     4
 Cast: Sting             |    58 |    36 |    11 ||   105
       Poisonous Vapours |     8 |    48 |    61 ||   117
       Mephitic Cloud    |     2 |     7 |    26 ||    35
       Olgreb's Toxic Ra |       |     5 |    19 ||    24
       Momentum Strike   |       |       |    13 ||    13
       Animate Armour    |       |       |     1 ||     1
  Use: Scroll            |       |     7 |     6 ||    13
Armor: Robe              |     4 |    16 |     5 ||    25
       Ring mail         |       |       |    85 ||    85
Dodge: Dodged            |    28 |    56 |   176 ||   260

Table legend: (Time is in decaauts)
 A = Elapsed time spent in this place.
 B = Non-inter-level travel time spent in this place.
 C = Inter-level travel time spent in this place.
 D = Time resting spent in this place.
 E = Time spent auto-exploring this place.
 F = Levels seen in this place.
 G = Mean time per level.
                   A        B        C        D        E       F      G
               +--------+--------+--------+--------+--------+-----+--------+
         Total |   7711 |   7320 |    391 |    871 |   4657 |   8 |  963.9 |
       Dungeon |   7655 |   7264 |    391 |    871 |   4628 |   7 | 1093.6 |
        Temple |     56 |     56 |      0 |      0 |     29 |   1 |   56.0 |
               +--------+--------+--------+--------+--------+-----+--------+

Top non-repeatable levels by time:
     D:5: 1874 daAuts
     D:4: 1283 daAuts
     D:3: 1051 daAuts
     D:6: 1038 daAuts
     D:1: 1002 daAuts
     D:2: 939 daAuts
     D:7: 464 daAuts
  Temple: 56 daAuts
